 Dungeon Crawl Stone Soup version 0.23-a0-726-g9fa1570 (webtiles) character file.

1617 tatocazan the Thaumaturge (level 8, -2/91 HPs)
             Began as a Gnoll Wanderer on Jan 15, 2019.
             Was an Initiate of Vehumet.
             Slain by a two-headed ogre
             ... wielding a +0 giant club
              (10 damage)
             ... on level 8 of the Dungeon on Jan 16, 2019.
             The game lasted 00:13:53 (7745 turns).

tatocazan the Thaumaturge (Gnoll Wanderer)          Turns: 7745, Time: 00:13:53

Health: -2/91      AC: 24    Str: 20    XL:     8   Next: 96%
Magic:  5/20       EV:  2    Int: 17    God:    Vehumet [......]
Gold:   223        SH:  5    Dex: 14    Spells: 19/23 levels left

rFire    . . .     SeeInvis .   B - +3 trident
rCold    . . .     Gourm    .   o - +0 buckler
rNeg     + + +     Faith    .   (armour currently unavailable)
rPois    +         Spirit   .   (helmet currently unavailable)
rElec    .         Reflect  .   (cloak currently unavailable)
rCorr    .         Harm     .   (gloves currently unavailable)
MR       .....     NoTele   +   (boots currently unavailable)
Stlth    ++........             (no amulet)
HPRegen  0.25/turn              (no ring)
MPRegen  0.17/turn              (no ring)

@: mighty, tree-form, hasted, very quick
A: distributed training, strong nose
a: Renounce Religion


You were on level 8 of the Dungeon.
You worshipped Vehumet.
Vehumet was noncommittal.
You were not hungry.
You were a tree.
You visited 2 branches of the dungeon, and saw 8 of its levels.

You collected 223 gold pieces.

Inventory:

Hand Weapons
 e - a +0 dagger
 g - a +3 short sword
 B - a +3 trident (weapon)
Armour
 a - a +0 shield
 b - a +0 pair of gloves (melded)
 d - a +0 robe (melded)
 o - a +0 buckler (worn)
 y - a +2 large shield
Jewellery
 n - an uncursed amulet of the acrobat {unknown}
 u - a +2 amulet of reflection {unknown}
 x - an uncursed ring of magical power {unknown}
Wands
 p - a wand of digging (3)
Scrolls
 j - 3 scrolls of remove curse {unknown}
 l - 3 scrolls of immolation
 m - 3 scrolls of teleportation
 t - a scroll of amnesia {unknown}
 v - 2 scrolls of identify {unknown}
 w - 2 scrolls of magic mapping {unknown}
Potions
 h - a potion of haste
 i - a potion of might
 k - a potion of brilliance {unknown}
 q - 3 potions of curing {unknown}
 r - a potion of heal wounds {unknown}
 s - 2 potions of agility {unknown}
 z - a potion of flight {unknown}
 A - a potion of invisibility {unknown}
 D - a potion of resistance {unknown}
Comestibles
 f - 8 rations
 C - a chunk of flesh


   Skills:
 + Level 4.5 Fighting
 + Level 3.6 Short Blades
 + Level 3.6 Long Blades
 + Level 3.6 Axes
 + Level 3.6 Maces & Flails
 + Level 3.6 Polearms
 + Level 3.6 Staves
 + Level 3.6 Slings
 + Level 3.6 Bows
 + Level 3.6 Crossbows
 + Level 3.6 Throwing
 + Level 3.6 Armour
 + Level 4.5 Dodging
 + Level 3.6 Stealth
 + Level 4.5 Shields
 + Level 4.5 Unarmed Combat
 + Level 8.1 Spellcasting
 + Level 3.0 Conjurations
 + Level 3.0 Hexes
 + Level 3.7 Charms
 + Level 3.0 Summonings
 + Level 3.0 Necromancy
 + Level 3.0 Translocations
 + Level 3.0 Transmutations
 + Level 3.0 Fire Magic
 + Level 3.0 Ice Magic
 + Level 3.0 Air Magic
 + Level 3.0 Earth Magic
 + Level 3.7 Poison Magic
 + Level 4.0 Invocations
 + Level 4.5 Evocations


You had 19 spell levels left.
You knew the following spells:

 Your Spells              Type           Power        Failure   Level  Hunger
a - Poisonous Vapours     Pois/Air       ###...       3%          2    None
b - Swiftness             Chrm/Air       ###.....     3%          2    None

Your spell library contained the following spells:

 Spells                   Type           Power        Failure   Level  Hunger
 Animate Skeleton         Necr           N/A          3%          1    None
 Apportation              Tloc           ###...       3%          1    None
 Confusing Touch          Hex            ###...       3%          1    None
 Summon Small Mammal      Summ           ###.         3%          1    None


Dungeon Overview and Level Annotations

Branches:
Dungeon (6/15)             Temple (1/1) D:5

Altars:
Cheibriados
Dithmenos
Elyvilon
Fedhas
Gozag
Hepliaklqana
Kikubaaqudgha
Makhleb
Nemelex Xobeh
Okawaru
Qazlal
Trog
Uskayaw
Vehumet
Wu Jian
Yredelemnul
Zin
The Shining One

Annotations:
D:3 3 runed doors, Mordru1's ghost, amateur MfSu


Innate Abilities, Weirdness & Mutations

Your experience applies equally to all skills.
((You have very sharp teeth.))
Your uncanny sense of smell can sniff out nearby items.


Message History

You puncture the ogre!
The ogre is heavily wounded.
The ogre hits you but does no damage.
The two-headed ogre hits you but does no damage.
The two-headed ogre hits you with a +0 giant spiked club.
* * * LOW HITPOINT WARNING * * *
The shadow imp hits you but does no damage.
You take 4 damage, and have 13/91 hp.
It was a potion of might.
You feel very mighty all of a sudden. The ogre hits you but does no damage.
You block the two-headed ogre's attack.
The two-headed ogre hits you with a +0 giant spiked club.
* * * LOW HITPOINT WARNING * * *
The shadow imp hits you but does no damage.
You take 3 damage, and have 10/91 hp.
It was a potion of haste.
You feel yourself speed up.
The two-headed ogre looks more healthy.
The ogre hits you with a +0 giant club.
* * * LOW HITPOINT WARNING * * *
The two-headed ogre hits you with a +0 giant club!
You die...

#.#
###..##.......
#.#
##..5....?..
#.#
###.#....##
#)# #...#.##
#.## ###!#..?.
#..# ....##.
##F## ..#..#
#5O# ###.Z..
##♣# #?#.. #O#
#. . #T# #. ..
... ... .....
..... .......


You could see a two-headed ogre (inner flame), a troll (inner flame), an ogre
(inner flame), a bullfrog (inner flame) and a shadow imp (inner flame).

Vanquished Creatures
  Sigmund (D:3)
  Eustachio (D:4)
  2 water moccasins
  An ice beast (D:4)
  2 ogres
  A bullfrog (D:6)
  A wyvern skeleton (D:6)
  A howler monkey (D:5)
  3 crimson imps (D:5)
  2 hounds (D:5)
  3 orc wizards
  2 orc priests
  An iguana (D:4)
  8 worker ants
  11 adders
  A howler monkey skeleton (D:4)
  An adder zombie (D:6)
  An adder skeleton (D:5)
  A leopard gecko (D:6)
  13 orcs
  3 ball pythons (D:4)
  8 giant cockroaches
  2 goblins
  A hobgoblin (D:1)
  3 quokkas (D:4)
  8 bats
  2 frilled lizards
  9 kobolds
  5 rats
98 creatures vanquished.

Notes
Turn   | Place    | Note
-------+----------+-------------------------------------------
     0 | D:1      | tatocazan the Gnoll Wanderer began the quest for the Orb.
     0 | D:1      | tatocazan set off with the following items: a +0 shield, a
                  | potion of lignification, a +0 robe, a +0 dagger, a ration;
                  | and the following spells available to memorise: Poisonous
                  | Vapours, Swiftness
     0 | D:1      | Reached XP level 1. HP: 17/17 MP: 8/8
   738 | D:1      | Reached XP level 2. HP: 17/23 MP: 10/10
  1014 | D:1      | Learned a level 2 spell: Poisonous Vapours
  1170 | D:2      | Learned a level 2 spell: Swiftness
  1240 | D:2      | Reached XP level 3. HP: 28/28 MP: 8/11
  1471 | D:2      | Reached skill level 1 in Invocations
  1496 | D:2      | Reached skill level 1 in Short Blades
  1496 | D:2      | Reached skill level 1 in Long Blades
  1496 | D:2      | Reached skill level 1 in Axes
  1496 | D:2      | Reached skill level 1 in Maces & Flails
  1496 | D:2      | Reached skill level 1 in Polearms
  1496 | D:2      | Reached skill level 1 in Staves
  1496 | D:2      | Reached skill level 1 in Slings
  1496 | D:2      | Reached skill level 1 in Bows
  1496 | D:2      | Reached skill level 1 in Crossbows
  1496 | D:2      | Reached skill level 1 in Throwing
  1496 | D:2      | Reached skill level 1 in Armour
  1496 | D:2      | Reached skill level 1 in Stealth
  1496 | D:2      | Reached XP level 4. HP: 30/34 MP: 10/13
  1726 | D:2      | Found a snail-covered altar of Cheibriados.
  1872 | D:3      | Found a white marble altar of Elyvilon.
  2217 | D:3      | Found a runed gate.
  2219 | D:3      | Found a runed gate.
  2219 | D:3      | Found a runed gate.
  2221 | D:3      | Noticed Mordru1's ghost (amateur MfSu)
  2239 | D:3      | Reached skill level 1 in Conjurations
  2239 | D:3      | Reached skill level 1 in Hexes
  2239 | D:3      | Reached skill level 1 in Summonings
  2239 | D:3      | Reached skill level 1 in Necromancy
  2239 | D:3      | Reached skill level 1 in Translocations
  2239 | D:3      | Reached skill level 1 in Transmutations
  2239 | D:3      | Reached skill level 1 in Fire Magic
  2239 | D:3      | Reached skill level 1 in Ice Magic
  2239 | D:3      | Reached skill level 1 in Air Magic
  2239 | D:3      | Reached skill level 1 in Earth Magic
  2239 | D:3      | Reached XP level 5. HP: 40/40 MP: 7/14
  2511 | D:3      | Found a faded altar of an unknown god.
  2654 | D:3      | Noticed Sigmund
  2661 | D:3      | Killed Sigmund
  2661 | D:3      | Reached XP level 6. HP: 31/47 MP: 6/16
  3632 | D:4      | Reached XP level 7. HP: 47/52 MP: 12/18
  4055 | D:4      | Noticed Eustachio
  4076 | D:4      | Killed Eustachio
  4500 | D:4      | Found a blossoming altar of Fedhas.
  4659 | D:5      | Entered Level 5 of the Dungeon
  4740 | D:5      | Reached XP level 8. HP: 56/60 MP: 19/19
  4948 | D:4      | Upgraded the game from 0.23-a0-713-ge59bbb1 to
                  | 0.23-a0-726-g9fa1570
  6090 | D:5      | Found an opulent altar of Gozag.
  6147 | D:5      | Found a staircase to the Ecumenical Temple.
  6496 | Temple   | Entered the Ecumenical Temple
  6532 | Temple   | Became a worshipper of Vehumet
  6829 | D:6      | Reached skill level 8 in Spellcasting
  7695 | D:6      | You fall through a shaft for 2 floors!
  7696 | D:8      | Noticed a two-headed ogre
  7734 | D:8      | Noticed a troll
  7745 | D:8      | Slain by a two-headed ogre

Vault maps used:
D:1:      lightli_arrival_chessboard
D:2:      nicolae_overflow_crystal_walls
D:3:      lemuel_crystal_altar, first_ration, chequers_ecumenical_altar_simple,
          gammafunk_ghost_split, uniq_sigmund
D:4:      fedhas_altar_2, uniq_eustachio
D:5:      temple_doors_cd, grunt_gozag_breadcrumbs
D:8:      marbit_many_paths
Temple:   eino_wide_crystal_templ

Skill      XL: |  1  2  3  4  5  6  7  8 |
---------------+-------------------------+-----
Charms         | 2 3 |  3.7
Poison Magic   | 2 3 |  3.7
Invocations    | 1 2 3 4 |  4.0
Short Blades   | 1 2 3 |  3.6
Long Blades    | 1 2 3 |  3.6
Axes           | 1 2 3 |  3.6
Maces & Flails | 1 2 3 |  3.6
Polearms       | 1 2 3 |  3.6
Staves         | 1 2 3 |  3.6
Slings         | 1 2 3 |  3.6
Bows           | 1 2 3 |  3.6
Crossbows      | 1 2 3 |  3.6
Throwing       | 1 2 3 |  3.6
Armour         | 1 2 3 |  3.6
Stealth        | 1 2 3 |  3.6
Conjurations   | 1 2 3 |  3.0
Hexes          | 1 2 3 |  3.0
Summonings     | 1 2 3 |  3.0
Necromancy     | 1 2 3 |  3.0
Translocations | 1 2 3 |  3.0
Transmutations | 1 2 3 |  3.0
Fire Magic     | 1 2 3 |  3.0
Ice Magic      | 1 2 3 |  3.0
Air Magic      | 1 2 3 |  3.0
Earth Magic    | 1 2 3 |  3.0
Fighting       | 3 4 |  4.5
Dodging        | 3 4 |  4.5
Shields        | 3 4 |  4.5
Unarmed Combat | 3 4 |  4.5
Evocations     | 3 4 |  4.5
Spellcasting   | 8 |  8.1

Action                   |  1- 3 |  4- 6 |  7- 9 || total
-------------------------+-------+-------+-------++-------
Melee: Short sword       |    44 |    92 |   179 ||   315
       Bite              |     3 |     5 |    24 ||    32
       Dagger            |     2 |       |       ||     2
       Trident           |       |       |    81 ||    81
 Cast: Poisonous Vapours |     4 |    19 |    26 ||    49
       Swiftness         |       |       |     3 ||     3
  Use: Potion            |       |       |     3 ||     3
       Scroll            |       |       |     2 ||     2
 Stab: Sleeping          |     1 |     3 |     2 ||     6
       Distracted        |       |       |     2 ||     2
  Eat: Chunk             |     2 |     5 |     8 ||    15
       Ration            |       |       |     2 ||     2
Armor: Robe              |    16 |    24 |    24 ||    64
       Skin              |       |       |    10 ||    10
Dodge: Dodged            |    21 |    81 |   137 ||   239
Block: Shield            |    10 |       |       ||    10
       Buckler           |       |    10 |    59 ||    69

Table legend:
 A = Non-vault XP
 B = Vault XP
 C = Vault XP percentage of total XP
 D = Non-vault monster count
 E = Vault monster count
 F = Vault count percentage of total count
                 A         B        C        D         E       F
            +---------+---------+-------+---------+---------+-------
      Total |    1912 |     399 |  17.3 |      96 |       2 |   2.0
            +---------+---------+-------+---------+---------+-------
        D:1 |      11 |       0 |   0.0 |       9 |       0 |   0.0
        D:2 |      88 |       0 |   0.0 |      12 |       0 |   0.0
        D:3 |     157 |     208 |  57.0 |      24 |       1 |   4.0
        D:4 |     591 |     191 |  24.4 |      26 |       1 |   3.7
        D:5 |     488 |       0 |   0.0 |      13 |       0 |   0.0
        D:6 |     543 |       0 |   0.0 |      11 |       0 |   0.0
        D:8 |      34 |       0 |   0.0 |       1 |       0 |   0.0
            +---------+---------+-------+---------+---------+-------
